 Dungeon Crawl Stone Soup version 0.31-a0-983-g7b6862f502 (console) character file.

Game seed: 17172636685486582912

178039 petzl the Thaumaturge (level 18, -1/114 (132) HPs)
             Began as a Formicid Delver on Nov 2, 2023.
             Was a High Priest of Vehumet.
             Slain by a +1 flail of protection (4 damage)
             ... animated by Zenata
             ... on level 13 of the Dungeon on Nov 5, 2023.
             The game lasted 05:18:45 (42523 turns).

petzl the Thaumaturge (Formicid Delver)            Turns: 42523, Time: 05:18:45

HP:   -1/114 (132)  AC: 11    Str: 19    XL:     18   Next: 50%
MP:   0/34          EV: 20    Int: 20    God:    Vehumet [*****.]
Gold: 2733          SH:  0    Dex: 15    Spells: 4/41 levels left

rFire   . . .        b - +9 lajatang {spect, Str+5 Int+4 Stlth-}
rCold   + + +        R - orb {*channel}
rNeg    . . .        w - +2 troll leather armour
rPois   +            (helmet unavailable)
rElec   +            M - scarf {+Inv}
rCorr   .            n - +2 pair of gloves
SInv    +            (no boots)
Will    +....        F - amulet of Othruin {Spirit rElec rPois rC+++ Str-5}
Stlth   ++           m - +5 ring of evasion
HPRegen 1.99/turn    u - ring of flight
MPRegen 0.24/turn

%: guardian spirit, channel magic (20%)
@: flying, heavily drained
A: permanent stasis, dig shafts and tunnels, antennae 3, four strong arms,
iridescent scales 1, sense surroundings 1, regeneration 1
}: 1/15 runes: barnacled
a: Dig, Shaft Self, Renounce Religion, Evoke Invisibility


You were on level 13 of the Dungeon.
You worshipped Vehumet.
Vehumet was extremely pleased with you.
You visited 7 branches of the dungeon, and saw 29 of its levels.

You collected 3462 gold pieces.
You spent 729 gold pieces at shops.

Inventory:

Hand Weapons
 a - a +3 longbow of flaming
 b - the +9 lajatang of the Candelabrum (weapon) {spect, Str+5 Int+4 Stlth-}
   (You took it off an orc on level 12 of the Dungeon)

   Str+5:     It affects your strength (+5).
   Int+4:     It affects your intelligence (+4).
   Stlth-:    It makes you less stealthy.
 c - the +6 shillelagh "Devastator" {shatter}
   (You found it on level 5 of the Dungeon)
 d - a +3 scimitar of flaming
 e - the +10 halberd of the Smoking Enemy {venom, Will+}
   (You found it on level 2 of the Lair of Beasts)

   Will+:     It increases your willpower.
 f - the +8 whip "Snakebite" {venom, curare, rPois}
   (You found it on level 2 of the Lair of Beasts)

   rPois:     It protects you from poison
Missiles
 h - 10 throwing nets
 l - 51 poisoned darts
 D - 5 silver javelins (quivered)
Armour
 n - a +2 pair of gloves (worn)
 w - a +2 troll leather armour (worn)
 M - a scarf of invisibility (worn)
 P - a +4 scale mail of fire resistance
 R - an orb of energy (worn)
 S - a +0 leather armour of willpower
Jewellery
 m - a +5 ring of evasion (left hand)
 u - a ring of flight (right hand)
 C - a ring of wizardry
 F - the amulet of Othruin (around neck) {Spirit rElec rPois rC+++ Str-5}
   (You found it on level 8 of the Dungeon)

   [amulet of guardian spirit]

   Spirit:    It causes incoming damage to be divided between your reserves of
   health and magic.
   Str-5:     It affects your strength (-5).
   rC+++:     It renders you almost immune to cold.
   rElec:     It insulates you from electricity.
   rPois:     It protects you from poison
 N - a ring of willpower
Wands
 x - a wand of polymorph (4)
 y - a wand of iceblast (8)
 H - a wand of charming (23)
 O - a wand of mindburst (5)
 U - a wand of digging (3)
Scrolls
 o - a scroll of identify
 r - 6 scrolls of poison
 s - 2 scrolls of silence
 J - 5 scrolls of revelation
 X - 2 scrolls of fog
Potions
 g - 4 potions of might
 i - 3 potions of cancellation
 j - 3 potions of enlightenment
 k - 4 potions of heal wounds
 p - 3 potions of curing
 q - a potion of resistance
 t - a potion of magic
 B - a potion of lignification
 G - 2 potions of ambrosia
 L - 4 potions of brilliance
Miscellaneous
 I - a phial of floods


   Skills:
 - Level 9.1 Fighting
 - Level 5.0 Long Blades
 - Level 2.0(2.5) Maces & Flails
 - Level 2.4(2.8) Staves
 - Level 8.0 Ranged Weapons
 - Level 8.0 Armour
 - Level 7.3 Dodging
 - Level 6.9 Stealth
 + Level 12.4 Spellcasting
 + Level 12.0 Conjurations
 - Level 8.3 Necromancy
 * Level 3.3 Translocations
 - Level 4.0 Transmutations
 - Level 9.2 Fire Magic
 - Level 7.0 Ice Magic
 - Level 5.8 Air Magic
 - Level 8.0 Earth Magic
 - Level 6.0 Poison Magic
 - Level 12.0 Evocations


You had 4 spell levels left.
You knew the following spells:

 Your Spells              Type           Power      Damage    Failure   Level
a - Stone Arrow           Conj/Erth      100%       3d13      1%          3
b - Iskenderun's Mystic   Conj/Tloc      43%        2d10      2%          4
c - Plasma Beam           Fire/Air       21%        2x1d33    21%         6
d - Fireball              Conj/Fire      26%        3d12      2%          5
e - Flame Wave            Conj/Fire      53%        2d13      1%          4
f - Cigotuvi's Dreadful   Necr/Pois/Air  78%        N/A       3%          2
l - Freezing Cloud        Conj/Ice/Air   22%        6-21      4%          5
m - Mephitic Cloud        Conj/Pois/Air  44%        N/A       1%          3
u - Sublimation of Blood  Necr           45%        N/A       2%          2
I - Ignite Poison         Fire/Tmut/Pois 38%        N/A       1%          3

Your spell library contained the following spells:

 Spells                   Type           Power      Damage    Failure   Level
 Yara's Violent Unravell  Hex/Tmut       10%        3d6       32%         5
 Foxfire                  Conj/Fire      100%       2x1d9     1%          1
 Freeze                   Ice            100%       1d10      1%          1
 Kiss of Death            Conj/Necr      100%       2d13      1%          1
 Sandblast                Erth           88%        2d18      1%          1
 Momentum Strike          Conj/Tloc      86%        3d10      1%          2
 Scorch                   Fire           98%        2d9       1%          2
 Frozen Ramparts          Ice            80%        1d13      1%          3
 Hailstorm                Conj/Ice       50%        3d11      1%          3
 Brom's Barrelling Bould  Conj/Erth      51%        2d7       1%          4
 Passwall                 Tmut/Erth      30%        N/A       4%          2
 Apportation              Tloc           52%        N/A       7%          1
 Dispel Undead            Necr           45%        3d17      8%          4
 Lesser Beckoning         Tloc           52%        N/A       9%          2
 Gell's Gravitas          Tloc           26%        N/A       14%         3
 Teleport Other           Tloc           26%        N/A       14%         3
 Petrify                  Tmut/Erth      36%        N/A       16%         4
 Jinxbite                 Hex            24%        N/A       24%         2
 Animate Armour           Summ/Erth      56%        N/A       28%         4
 Manifold Assault         Tloc           26%        N/A       34%         4
 Confusing Touch          Hex            12%        N/A       38%         3
 Tukima's Dance           Hex            12%        N/A       38%         3
 Dimensional Bullseye     Hex/Tloc       9%         N/A       52%         4
 Irradiate                Conj/Tmut      22%        3d19      4%          5
 Starburst                Conj/Fire      26%        6d8       8%          6
 Borgnjor's Vile Clutch   Necr/Erth      22%        N/A       17%         5
 Alistair's Intoxication  Tmut/Pois      21%        N/A       43%         5
 Eringya's Noxious Bog    Tmut/Pois      16%        4d6       45%         6
 Summon Forest            Summ/Tloc      9%         N/A       83%         5
 Lehudib's Crystal Spear  Conj/Erth      25%        10d7      90%         8
 Summon Mana Viper        Hex/Summ       12%        N/A       95%         5
 Summon Cactus Giant      Summ           6%         N/A       100%        6
 Blink                    Tloc           Unusable   N/A       N/A         2

Dungeon Overview and Level Annotations

Branches:
Dungeon (15/15)            Temple (1/1) D:7            Lair (5/5) D:9
 Shoals (4/4) Lair:2       Spider (0/4) Lair:3        Slime (1/5) Lair:4
    Orc (2/2) D:10            Elf (0/3) Orc:2        Vaults (1/5) D:13
 Depths: D:15

Altars:
Ashenzari
Cheibriados
Dithmenos
Elyvilon
Fedhas
Gozag
Hepliaklqana
Kikubaaqudgha
Makhleb
Nemelex Xobeh
Okawaru
Qazlal
Ru
Sif Muna
Trog
Uskayaw
Vehumet
Wu Jian
Xom
Yredelemnul
Zin
The Shining One
Jiyva

Shops:
D:13 (   Orc:1 [   Orc:2 [**(

Portals:
Trove: D:11 (give 5 potions of resistance)

Annotations:
D:13 Zenata
D:15 exclusions: catoblepas and fire dragon
Lair:3 exclusion: ice statue
Lair:5 2 transporters, exclusion: oklob plant, Puvueto's ghost, journeyman NaDe


Innate Abilities, Weirdness & Mutations

You cannot be hasted, slowed, berserked, paralysed or teleported.
You can dig through walls and to a lower floor.
You have a pair of large antennae on your head. (SInv)
Your four strong arms can wield two-handed weapons with a shield.
You are partially covered in iridescent scales. (AC +2)
You passively map a small area around you.
Your natural rate of healing is unusually fast.


Message History

Zenata is heavily wounded.
Your +9 lajatang of the Candelabrum {spect, Str+5 Int+4 Stlth-} hits Zenata but does no damage.
The +1 flail of protection hits you!
The +2 mace of holy wrath is engulfed in freezing vapours.
Zenata is engulfed in dark miasma.
Zenata looks even sicker.
Zenata seems to slow down.
Zenata hits your +9 lajatang of the Candelabrum {spect, Str+5 Int+4 Stlth-} with a +3 triple sword of protection!!!
Your spectral weapon shares its damage with you!
Your +9 lajatang of the Candelabrum {spect, Str+5 Int+4 Stlth-} disappears.
The +1 flail of protection hits you!
Zenata is engulfed in dark miasma.
Zenata looks even sicker.
Zenata hits you with a +3 triple sword of protection!!
The +1 flail of protection hits you!
* * * LOW HITPOINT WARNING * * *
Unknown command.
Unknown command.
Unknown command.
Unknown command.
Okay, then.
Unknown command.
Unknown command.
Zenata is no longer moving slowly.
The +1 flail of protection hits you!
* * * LOW HITPOINT WARNING * * *
The +1 flail of protection closely misses you.
Unknown command.
Okay, then.
Okay, then.
The +1 flail of protection hits you!
* * * LOW HITPOINT WARNING * * *
The +1 flail of protection hits you!
* * * LOW HITPOINT WARNING * * *
Zenata is engulfed in dark miasma.
Zenata looks as sick as possible!
Okay, then.
Unknown command.
You feel much better. The +1 flail of protection hits you!
* * * LOW HITPOINT WARNING * * *
The +1 flail of protection hits you!!
* * * LOW HITPOINT WARNING * * *
The +1 flail of protection hits you.
You die...

############# #§§...§§§~≈§#
#§#+#'#+#'#'###
#~..........'.# ##########
#∩a.........'.# .........#
#...........'.#
.........######'#'#'#'#'#'#[#
.........#...'#[#[#[#[#)#)#.#
.........'.##.#############.#
.........#####.............[#
.........# #............#.#
.........# #...........§###
#'#......# #..........○.#
#∩####'### ##########'###
#### #.# #####(.(# #### #.#
#...@a### ##.# #.##### #..#
#####.######
#.#######..........#
##..................#
####..#######<^........#
......# #..........# ###.###
#######.#### #.# #.# #.# #.#
#.# #.# #.# ##### ### #.#
##...### ###'#######......##
.........##.......##
.........##.###....###
.........+..# ###...(####
.....)....### ##......##
#########.# ##......#


You could see Zenata (extremely poisoned) and 2 dancing weapons.

Vanquished Creatures
  Saint Roka (Orc:2)
  Polyphemus (Shoals:1)
  Kirke (D:13)
  A quicksilver ooze (Lair:4)
  The ghost of Duttonia the Stormcaller, a journeyman MeWn of Gozag (Shoals:2)
  A stone giant (D:10)
  Nessos (D:13)
  10 merfolk impalers
  The ghost of bchevrier the Thaumaturge, a journeyman GnWn of Qazlal (D:12)
  An ettin (Orc:2)
  5 merfolk javelineers
  6 vault guards (D:13)
  7 hydras
  2 catoblepae
  3 centaur warriors
  Erica (D:8)
  2 merfolk aquamancers
  An ironbound frostheart (Vaults:1)
  2 ogre magi
  3 merfolk avatars
  A death knight (D:10)
  10 two-headed ogres
  An alligator snapping turtle (Shoals:4)
  11 death yaks
  5 boulder beetles
  An orc high priest (Orc:2)
  2 satyrs
  3 skysharks
  Amaemon (D:11)
  6 sea snakes
  An obsidian statue (Shoals:2)
  9 orc knights
  An ironbound convoker (Vaults:1)
  7 harpies
  A wolf spider (Lair:3)
  4 deep elf pyromancers
  A salamander (shapeshifter) (D:10)
  4 orc sorcerers
  20 manticores
  18 fauns
  11 cyclopes
  An ugly thing (D:12)
  8 merfolk sirens
  16 elephants
  6 black mambas
  2 vault sentinels (Vaults:1)
  Joseph (Lair:1)
  7 water nymphs
  A gargoyle (D:11)
  A torpor snail (Lair:1)
  11 cane toads
  A black mamba (shapeshifter) (D:10)
  An orange demon (D:11)
  5 rime drakes
  3 kobold demonologists
  2 yaktaurs
  An efreet (D:13)
  11 komodo dragons
  A meliai (D:11)
  An ice devil (Lair:3)
  11 trolls
  13 polar bears
  A queen bee (shapeshifter) (D:13)
  25 merfolk
  9 blink frogs
  Grinder (D:4)
  10 wind drakes
  A tarantella (Lair:3)
  9 saltlings (Orc:2)
  9 snapping turtles
  6 raiju (Lair:5)
  17 dream sheep
  4 hornets
  A centaur simulacrum (D:15)
  Sigmund (D:6)
  2 shadows (D:7)
  12 spriggans (Lair:4)
  A wraith (D:13)
  6 humans (D:13)
  43 yaks
  8 water elementals
  5 wyverns
  The ghost of Sundig the Trooper, an amateur DgFi (D:3)
  4 hogs (D:13)
  A steam dragon (Lair:5)
  10 vampire mosquitoes
  4 basilisks
  11 wargs
  Menkaure (D:6)
  11 hell hounds (Lair:5)
  4 acid dragons
  18 water moccasins
  12 black bears
  2 swamp drakes (Lair:5)
  19 orc warriors
  A sky beast (D:7)
  7 ice beasts
  5 centaurs
  7 ogres
  2 boggarts (Lair:4)
  20 wolves
  A phantom (D:6)
  8 kobold brigands
  A gnoll sergeant (D:10)
  14 bullfrogs
  3 scorpions
  4 wights
  16 killer bees
  4 crimson imps
  An electric eel (Lair:3)
  2 hounds (D:5)
  9 orc priests
  2 jellies
  A gnoll bouda (D:10)
  A sleepcap (D:6)
  12 orc wizards
  9 iguanas
  Robin (D:3)
  9 gnolls
  10 adders
  A shadow imp (D:6)
  7 white imps
  2 ufetubi (D:6)
  2 worms
  2 dart slugs
  59 orcs
  6 bats
  8 endoplasms
  15 goblins
  8 hobgoblins
  4 jackals (D:5)
  16 kobolds
  A quokka (D:5)
  4 ball pythons
  11 frilled lizards
  9 rats
  A spectral orc (D:11)
  A butterfly (Lair:5)
  2 spectral weapons
851 creatures vanquished.

Vanquished Creatures (collateral kills)
  2 death yaks (Shoals:1)
  An orc warrior (D:7)
  An orc (D:7)
4 creatures vanquished.

Vanquished Creatures (others)
  A vault guard (D:13)
  2 wolves (Lair:5)
  A kobold (D:14)
  14 spectral weapons
18 creatures vanquished.

Grand Total: 873 creatures vanquished

Notes
Turn   | Place    | Note
-------+----------+-------------------------------------------
     0 | D:5      | petzl the Formicid Delver began the quest for the Orb.
     0 | D:5      | Reached XP level 1. HP: 18/18 MP: 1/1
    25 | D:6      | Noticed an orc priest
    63 | D:5      | Noticed an orc wizard
   205 | D:4      | Identified the +0 trident "Aseavvau" {freeze, *Rage Dex+5
                  | Stlth+}
   216 | D:4      | Reached skill level 1 in Spellcasting
   253 | D:3      | Noticed an orc priest
   301 | D:3      | Found a transporter.
   302 | D:3      | Noticed an orc priest
   310 | D:3      | Noticed an orc priest
   320 | D:3      | Found a transporter.
   333 | D:3      | Reached XP level 2. HP: 20/24 MP: 4/4
   397 | D:3      | Found a runed translucent gate.
   398 | D:3      | Found a runed translucent gate.
   401 | D:3      | Noticed Sundig's ghost (amateur DgFi)
   402 | D:3      | Found a runed translucent gate.
   563 | D:2      | Found a faded altar of an unknown god.
   571 | D:2      | Reached skill level 1 in Ranged Weapons
   574 | D:2      | Reached XP level 3. HP: 29/29 MP: 5/5
  1421 | D:2      | You fall into a shaft and drop 1 floor!
  1528 | D:3      | Reached XP level 4. HP: 23/35 MP: 7/7
  1743 | D:3      | Reached XP level 5. HP: 41/41 MP: 7/9
  2286 | D:3      | Noticed Robin
  2460 | D:3      | Killed Robin
  2616 | D:3      | Found a shimmering altar of Xom.
  2634 | D:4      | Reached XP level 6. HP: 43/46 MP: 10/10
  3201 | D:4      | Noticed Grinder
  3883 | D:4      | You fall into a shaft and drop 2 floors!
  4076 | D:5      | Reached skill level 5 in Spellcasting
  4076 | D:5      | Reached XP level 7. HP: 38/52 MP: 14/14
  4406 | D:5      | Learned a level 4 spell: Flame Wave
  4432 | D:5      | Noticed a water moccasin
  4448 | D:5      | Killed a water moccasin
  4586 | D:5      | Reached skill level 1 in Armour
  4586 | D:5      | Reached XP level 8. HP: 58/58 MP: 17/17
  4618 | D:5      | Reached skill level 1 in Long Blades
  4618 | D:5      | Reached skill level 1 in Evocations
  4818 | D:5      | Reached skill level 1 in Fire Magic
  4971 | D:5      | Found the +6 shillelagh "Devastator" {shatter}
  5132 | D:5      | Reached skill level 1 in Conjurations
  5548 | D:6      | Noticed Sigmund
  5613 | D:6      | Killed Sigmund
  5911 | D:6      | Reached XP level 9. HP: 58/66 MP: 18/18
  6171 | D:6      | Found an ancient bone altar of Kikubaaqudgha.
  6478 | D:7      | Noticed a hornet
  6531 | D:7      | HP: 2/63 [orc warrior/+0 broad axe (14)]
  6604 | D:7      | Noticed a troll
  6688 | D:7      | Noticed Menkaure
  6919 | D:7      | You fall into a shaft and drop 1 floor!
  7129 | D:8      | Reached skill level 5 in Fighting
  7216 | D:8      | Noticed a two-headed ogre
  7272 | D:8      | Identified the amulet of Othruin {Spirit rElec rPois rC+++
                  | Str-5}
  7349 | D:7      | You fall into a shaft and drop 2 floors!
  7576 | D:9      | Found a stormy altar of Qazlal.
  7619 | D:9      | Gained mutation: You passively map a small area around you.
                  | [potion of mutation]
  7619 | D:9      | Gained mutation: Your natural rate of healing is unusually
                  | fast. [potion of mutation]
  7619 | D:9      | Gained mutation: You are partially covered in iridescent
                  | scales. (AC +2) [potion of mutation]
  7740 | D:8      | Noticed a two-headed ogre
  7745 | D:8      | Noticed Erica
  7809 | D:8      | Reached XP level 10. HP: 54/74 MP: 14/20
  8538 | D:6      | You fall into a shaft and drop 3 floors!
  8737 | D:9      | Found a staircase to the Lair.
  8793 | D:9      | Found an iron altar of Okawaru.
  8974 | D:9      | Noticed a two-headed ogre
  9403 | D:7      | Reached skill level 5 in Armour
  9519 | D:7      | Found a staircase to the Ecumenical Temple.
  9528 | Temple   | Entered the Ecumenical Temple
  9538 | Temple   | Became a worshipper of Vehumet
  9892 | D:7      | Reached skill level 5 in Dodging
  9927 | D:7      | Reached skill level 5 in Fire Magic
  9945 | D:7      | Found the +5 robe of Night {Dark Will+ SInv}
 10411 | D:8      | Killed Erica
 10412 | D:8      | Reached XP level 11. HP: 40/83 MP: 9/23
 10624 | D:8      | Killed a two-headed ogre
 10625 | D:8      | Reached skill level 5 in Conjurations
 10780 | D:6      | Killed Menkaure
 10861 | D:4      | Killed Grinder
 10899 | D:3      | Killed Sundig's ghost
 11233 | D:10     | Entered Level 10 of the Dungeon
 11698 | D:8      | Killed a two-headed ogre
 11832 | D:10     | Noticed a two-headed ogre
 11845 | D:10     | Killed a two-headed ogre
 12168 | D:10     | Learned a level 2 spell: Sublimation of Blood
 12323 | D:10     | Found a glowing golden altar of the Shining One.
 12348 | D:10     | Reached * piety under Vehumet
 12348 | D:10     | Offered knowledge of Foxfire by Vehumet.
 12408 | D:10     | Found a burning altar of Makhleb.
 12455 | D:10     | Reached skill level 5 in Ranged Weapons
 12533 | D:10     | Noticed an ogre mage
 12533 | D:10     | Noticed a death knight
 12676 | D:10     | Found a staircase to the Orcish Mines.
 12756 | D:10     | Reached XP level 12. HP: 68/92 MP: 19/24
 12821 | Lair:5   | Identified the "Pyrid"
 12821 | Orc:1    | Entered Level 1 of the Orcish Mines
 12821 | Orc:1    | Found Goihuuss's Armour Shoppe.
 12842 | D:10     | Reached ** piety under Vehumet
 12857 | D:11     | Noticed a six-headed hydra
 12863 | D:10     | You fall into a shaft and drop 3 floors!
 13025 | D:13     | Killed a vault guard
 13084 | D:13     | Found Usmitumi's Weapon Emporium.
 13122 | D:13     | Noticed Nessos
 13136 | D:13     | Killed Nessos
 13136 | D:13     | Offered knowledge of Sandblast by Vehumet.
 13287 | D:13     | Learned a level 3 spell: Stone Arrow
 13410 | D:12     | Reached skill level 1 in Earth Magic
 13479 | D:12     | Reached skill level 5 in Evocations
 13551 | D:12     | Reached skill level 5 in Long Blades
 13742 | D:11     | Noticed a boulder beetle
 13821 | D:10     | Killed a three-headed hydra
 13909 | D:11     | Found a basalt altar of Yredelemnul.
 13954 | D:11     | Noticed a two-headed ogre
 13961 | D:11     | Killed a two-headed ogre
 14012 | D:11     | Noticed a boulder beetle
 14200 | D:11     | Killed a boulder beetle
 14300 | D:11     | Found a portal to a secret trove of treasure.
 14341 | D:11     | Offered knowledge of Inner Flame by Vehumet.
 14354 | D:11     | Noticed Amaemon
 14398 | D:11     | Killed Amaemon
 14408 | D:11     | Reached XP level 13. HP: 74/98 MP: 21/26
 15307 | D:12     | Reached *** piety under Vehumet
 15377 | D:12     | Found a runed translucent gate.
 15378 | D:12     | Found a runed translucent gate.
 15379 | D:12     | Found a runed translucent gate.
 15388 | D:12     | Noticed bchevrier's ghost (journeyman GnWn)
 15389 | D:12     | Identified the +9 lajatang of the Candelabrum {spect, Str+5
                  | Int+4 Stlth-}
 15867 | D:13     | Noticed a centaur warrior
 15894 | D:13     | Killed a centaur warrior
 16043 | D:15     | Entered Level 15 of the Dungeon
 16045 | D:15     | Noticed a catoblepas
 16051 | D:15     | Noticed a fire dragon
 16084 | D:14     | Identified the +9 trident "Teahoit" {pain, Drain rPois MP+9
                  | Dex+6}
 16236 | D:14     | Found a stormy altar of Qazlal.
 16797 | D:15     | Noticed a centaur warrior
 17601 | D:15     | Noticed an ogre mage
 17714 | D:15     | Killed an ogre mage
 17724 | D:15     | Offered knowledge of Mephitic Cloud by Vehumet.
 17733 | D:15     | Learned a level 3 spell: Mephitic Cloud
 17787 | D:15     | Learned a level 6 spell: Plasma Beam
 18415 | D:10     | Killed an ogre mage
 18422 | D:10     | You fall into a shaft and drop 3 floors!
 18514 | D:10     | Reached skill level 1 in Poison Magic
 18577 | Lair:1   | Entered Level 1 of the Lair of Beasts
 18588 | Lair:1   | Identified the +4 whip of Deflation {venom, Drain rN+
                  | Dex+3}
 18661 | Lair:1   | Noticed Joseph
 18736 | D:9      | Reached XP level 14. HP: 79/95 MP: 8/27
 18868 | Lair:1   | Killed Joseph
 18869 | Lair:1   | Reached skill level 1 in Air Magic
 19385 | Lair:1   | Reached skill level 10 in Spellcasting
 19394 | Lair:1   | Reached skill level 1 in Necromancy
 19411 | Lair:1   | Reached **** piety under Vehumet
 20168 | Lair:2   | Offered knowledge of Ignite Poison by Vehumet.
 20173 | Lair:2   | Learned a level 3 spell: Ignite Poison
 20409 | Lair:2   | Identified the +10 halberd of the Smoking Enemy {venom,
                  | Will+}
 20422 | Lair:2   | Found a staircase to the Shoals.
 20651 | Lair:2   | Found the +8 whip "Snakebite" {venom, curare, rPois}
 20757 | Lair:2   | Reached skill level 1 in Transmutations
 21296 | Lair:3   | Found a hazy altar of Hepliaklqana.
 21605 | Lair:3   | Found a hole to the Spider Nest.
 22097 | Lair:3   | Identified the +0 robe of Peek-a-Boo {rF- rC+ rN+ Str+4}
 22522 | Lair:4   | Found a staircase to the Slime Pits.
 22522 | Lair:4   | Found a viscous altar of Jiyva.
 22648 | Lair:4   | Reached XP level 15. HP: 82/99 MP: 20/29
 22650 | Lair:4   | Reached skill level 5 in Earth Magic
 22715 | Lair:5   | Entered Level 5 of the Lair of Beasts
 23094 | D:10     | You fall into a shaft and drop 3 floors!
 23231 | D:10     | Reached ***** piety under Vehumet
 23262 | D:10     | You fall into a shaft and drop 3 floors!
 23356 | D:10     | Offered knowledge of Lee's Rapid Deconstruction by Vehumet.
 23600 | Orc:1    | Reached skill level 10 in Conjurations
 23956 | Orc:2    | Entered Level 2 of the Orcish Mines
 23968 | Orc:2    | Reached skill level 10 in Evocations
 24209 | Orc:2    | Found a staircase to the Elven Halls.
 24246 | Orc:2    | Reached skill level 5 in Poison Magic
 24255 | Orc:2    | Noticed Saint Roka
 24295 | Orc:2    | Killed Saint Roka
 25721 | Orc:2    | Found Orykhlyer's Armour Shop.
 25740 | Orc:2    | Found Haacay's Weapon Shoppe.
 25742 | Orc:2    | Found Setseiti's Assorted Antiques.
 25747 | Orc:2    | Bought a potion of curing for 90 gold pieces
 25747 | Orc:2    | Bought a metallic dark potion for 27 gold pieces
 25768 | Orc:2    | Found Fyuhoir's Assorted Antiques.
 25897 | Orc:2    | Bought a scroll of summoning for 332 gold pieces
 25938 | Orc:2    | Bought a +2 pair of gloves for 280 gold pieces
 26199 | Shoals:1 | Entered Level 1 of the Shoals
 26356 | Shoals:1 | Offered knowledge of Fireball by Vehumet.
 26363 | Shoals:1 | Learned a level 5 spell: Fireball
 26427 | Shoals:2 | Found a runed translucent gate.
 26428 | Shoals:2 | Found a runed translucent gate.
 28000 | Shoals:2 | Noticed Polyphemus
 28026 | Shoals:1 | Killed Polyphemus
 28027 | Shoals:1 | Reached XP level 16. HP: 96/117 MP: 6/30
 28631 | Lair:4   | Reached skill level 5 in Necromancy
 29653 | Crypt:3  | Identified the "Jiuzopn"
 29653 | Depths:2 | Identified the of Wokapliong
 29653 | Depths:2 | Identified the of Unyu
 29653 | Depths:3 | Identified the "Apuiper"
 29653 | Depths:4 | Identified the of Peistrot
 29653 | Elf:1    | Identified the "Vac Bun"
 29653 | Elf:2    | Identified the "Been"
 29653 | Elf:2    | Identified the "Itiap"
 29653 | Elf:2    | Identified the "Asuruor"
 29653 | Elf:2    | Identified the "Qikaq"
 29653 | Elf:2    | Identified the of Awnid
 29653 | Elf:3    | Identified the "Xugoatuss"
 29653 | Elf:3    | Identified the "Gyfux"
 29653 | Elf:3    | Identified the "Gulug"
 29653 | Elf:3    | Identified the "Yfeeriph"
 29653 | Elf:3    | Identified the "Qyfiz"
 29653 | Elf:3    | Identified the of Motazxow
 29653 | Slime:1  | Entered Level 1 of the Pits of Slime
 29670 | Lair:4   | You fall into a shaft and drop 1 floor!
 30196 | Lair:5   | Found a transporter.
 30216 | Lair:5   | Found a transporter.
 30217 | Lair:5   | Noticed Puvueto's ghost (journeyman NaDe)
 30252 | Lair:5   | Offered knowledge of Bombard by Vehumet.
 31856 | Lair:5   | Reached skill level 5 in Air Magic
 32144 | Lair:4   | Reached XP level 17. HP: 122/122 MP: 23/32
 32783 | D:13     | Noticed Kirke
 32812 | D:13     | You fall into a shaft and drop 1 floor!
 32957 | D:13     | Killed Kirke
 33154 | D:13     | Offered knowledge of Ozocubu's Refrigeration by Vehumet.
 33169 | D:13     | HP: 3/122 [vault guard/+0 dire flail (25)]
 33466 | D:13     | Found a gate to the Vaults.
 33686 | D:12     | You fall into a shaft and drop 3 floors!
 33955 | D:12     | Killed bchevrier's ghost
 34619 | Shoals:1 | Reached skill level 1 in Staves
 36294 | Shoals:2 | Learned a level 5 spell: Freezing Cloud
 36436 | Shoals:2 | Found a runed translucent gate.
 36443 | Shoals:2 | Found an opulent altar of Gozag.
 36444 | Shoals:2 | Noticed Duttonia's ghost (journeyman MeWn)
 36463 | Shoals:3 | Reached skill level 1 in Ice Magic
 36734 | Shoals:4 | Entered Level 4 of the Shoals
 37255 | Shoals:2 | Reached skill level 5 in Ice Magic
 37873 | Shoals:3 | Offered knowledge of Yara's Violent Unravelling by Vehumet.
 38097 | Shoals:3 | Reached XP level 18. HP: 130/130 MP: 24/34
 39672 | Shoals:4 | Learned a level 4 spell: Iskenderun's Mystic Blast
 39984 | Shoals:4 | Reached skill level 1 in Translocations
 40040 | Shoals:4 | Got a barnacled rune of Zot
 40852 | Shoals:2 | You are sucked into a shaft and drop 1 floor!
 40916 | Shoals:2 | You are sucked into a shaft and drop 1 floor!
 41230 | Shoals:2 | You are sucked into a shaft and drop 1 floor!
 41390 | Shoals:2 | You are sucked into a shaft and drop 1 floor!
 41536 | Shoals:2 | Killed Duttonia's ghost
 41909 | Vaults:1 | Entered Level 1 of the Vaults
 42048 | Vaults:1 | Noticed Zenata
 42299 | D:13     | You are sucked into a shaft and drop 1 floor!
 42506 | D:13     | Learned a level 2 spell: Cigotuvi's Dreadful Rot
 42522 | D:13     | HP: 4/114 [+1 flail of protection[Zenata] (9)]
 42523 | D:13     | Slain by a +1 flail of protection

Illustrated notes

Levels and vault maps discovered:
D:1:      lightli_iron_boxes, layout_basic, serial_bayou_ford_a
D:2:      layout_loops_cross, ebering_ecumenical_altar_ruins,
          minmay_pentomino_w4
D:3:      gammafunk_wand_slinger, layout_rooms, led_xom_imps,
          gammafunk_ghost_split, uniq_robin
D:4:      layout_loops_ring, uniq_grinder
D:5:      layout_basic, chequers_serial_rivers_small_b
D:6:      layout_basic, lemuel_tele_altar, uniq_sigmund
D:7:      layout_loops_ring, minmay_temple_entry_gardened_gates,
          minmay_misc_feat_square, hellmonk_guarded_unrand_night, uniq_menkaure
D:8:      layout_layer_cave, uniq_erica
D:9:      layout_stronghold, okawaru_metal_pillars_3,
          mainiacjoe_overflow_chevrons, lair_entry_dummy, glass_columns_b
D:10:     minmay_shrinking_squares, layout_loops_ring,
          mainiacjoe_overflow_catch_the_wave,
          kennysheep_orc_monster_closet_entryway, nicolae_twisty_statue_hallways
D:11:     layout_irregular_city, nicolae_trove_entry_columns,
          serial_park_tiny_pond, yredelemnul_forgotten_temple_becter,
          uniq_amaemon
D:12:     layout_roguey, biasface_ghost_orc_armoury
D:13:     layout_roguey, ximxim_vaults_locker_room, serial_shops,
          nicolae_shop_tiny_glass, serial_curves, eino_curves_02,
          eino_curves_01, nrook_mini_backslash, chequers_serial_rivers_small_b,
          uniq_nessos, uniq_kirke
D:14:     layout_grid_maze, nicolae_qazlal_general_emergency
D:15:     hangedman_depths_entry_try_elsewhere_first, layout_stronghold,
          hangedman_abyss_or_decor_stagger
Temple:   nicolae_temple_bog_church
Lair:1:   layout_gridlike, grunt_megastairs_3, uniq_joseph
Lair:2:   minmay_guarded_unrand_snakebite, layout_regular_city,
          minmay_shoals_entry_beasts
Lair:3:   nzn_winding_woodlands_three_and_one [nzn_winding_woodlands_5x15_pool,
          nzn_winding_woodlands_5x15_twine, nzn_winding_woodlands_5x15_default,
          nzn_winding_woodlands_center_diamonds], layout_cave_shapes,
          spider_nest_entry_rubble, basic_altar, ice2_lemuel,
          serial_bayou_shore_a
Lair:4:   kb_forest_paths, layout_long_grid, slime_entry_1
Lair:5:   guppyfry_lair_end_dragon, layout_regular_city,
          hangedman_lair_caniforms_friends, nzn_ghost_randoct,
          chequers_serial_rivers_marsh, lemuel_fruit_fields
Shoals:1: layout_shoals
Shoals:2: layout_shoals, ebering_ghost_gozag, uniq_polyphemus
Shoals:3: layout_shoals
Shoals:4: shoals_end_simple, layout_shoals
Slime:1:  layout_caves
Orc:1:    layout_caves, serial_shops, nicolae_shop_stone
Orc:2:    hellmonk_orc_salted, layout_caves, uniq_saint_roka
Vaults:1: nicolae_vaults_back_hallway, v_misc_28,
          nicolae_vaults_trapezoid_lopsided_1, nicolae_vaults_cornered_office,
          nicolae_vaults_trapezoid_lopsided_2, nicolae_vaults_house_1,
          nicolae_vaults_circle_grid_a, v_pattern_5,
          nicolae_vaults_tetromino_Z_1, ontoclasm_vaults_chip,
          nicolae_vaults_closet_pinwheel_1, nicolae_vaults_closet_pinwheel_5,
          vaults_dpeg_ring, layout_vaults_maze_bifur, uniq_zenata

Skill      XL: |  1  2  3  4  5  6  7  8  9 10 11 12 13 14 15 16 17 18 |
---------------+-------------------------------------------------------+-----
Spellcasting   | 1 2 3 5 6 7 8 9 10 11 12 | 12.4
Ranged Weapons | 1 2 3 4 5 6 7 8 |  8.0
Dodging        | 2 4 5 6 7 |  7.3
Armour         | 1 2 4 5 6 7 8 |  8.0
Long Blades    | 2 3 4 5 |  5.0
Evocations     | 2 3 6 8 9 11 12 | 12.0
Fire Magic     | 2 3 5 6 7 8 9 |  9.2
Conjurations   | 2 3 4 6 7 8 9 10 11 12 | 12.0
Fighting       | 4 5 6 7 8 9 |  9.1
Earth Magic    | 3 4 6 7 8 |  8.0
Poison Magic   | 1 4 6 |  6.0
Air Magic      | 2 4 5 |  5.8
Necromancy     | 3 4 7 8 |  8.3
Transmutations | 2 4 |  4.0
Staves         | 2 |  2.4
Ice Magic      | 5 7 |  7.0
Translocations | 3 |  3.3
Maces & Flails | |  2.0
Stealth        | |  6.9

Action                     |  1- 3 |  4- 6 |  7- 9 | 10-12 | 13-15 | 16-18 || total
---------------------------+-------+-------+-------+-------+-------+-------++-------
  Melee: Trident           |    24 |   146 |    10 |       |       |       ||   180
         Mace              |     6 |       |       |       |       |       ||     6
         Punch             |       |     3 |     2 |     7 |       |       ||    12
         Scimitar          |       |       |   121 |   330 |   704 |   324 ||  1479
         Shillelagh        |       |       |     4 |    68 |    30 |   121 ||   223
         Lajatang          |       |       |       |       |       |    47 ||    47
   Fire: Orcbow            |    90 |    74 |   158 |   131 |       |       ||   453
         Longbow           |       |       |       |    42 |   464 |   364 ||   870
  Throw: Dart              |       |       |       |     9 |    11 |     2 ||    22
         Throwing net      |       |       |       |     1 |       |       ||     1
   Cast: Stone Arrow       |       |       |       |     3 |    84 |    43 ||   130
         Flame Wave        |       |       |       |     1 |       |       ||     1
         Mephitic Cloud    |       |       |       |       |   117 |    65 ||   182
         Plasma Beam       |       |       |       |       |    11 |    52 ||    63
         Fireball          |       |       |       |       |     9 |   140 ||   149
         Ignite Poison     |       |       |       |       |     4 |     3 ||     7
         Sublimation of Bl |       |       |       |       |     1 |     7 ||     8
         Freezing Cloud    |       |       |       |       |       |   123 ||   123
         Iskenderun's Myst |       |       |       |       |       |    27 ||    27
         Cigotuvi's Dreadf |       |       |       |       |       |     1 ||     1
Ability: Shaft Self        |     1 |     1 |     2 |     2 |     3 |     8 ||    17
         Dig               |       |     1 |     6 |     6 |     5 |     5 ||    23
         Evoke Invisibilit |       |       |       |       |     4 |     2 ||     6
  Evoke: Wand              |       |       |       |     2 |     9 |     6 ||    17
         Phial of floods   |       |       |       |       |       |     1 ||     1
    Use: Scroll            |     2 |     5 |     6 |     6 |     9 |     7 ||    35
         Potion            |       |     2 |     7 |     2 |     3 |     4 ||    18
   Stab: Distracted        |       |       |       |     6 |     6 |     4 ||    16
         Invisible         |       |       |       |     2 |     5 |     1 ||     8
         Sleeping          |       |       |       |     1 |     1 |       ||     2
         Confused          |       |       |       |       |    34 |    19 ||    53
 Armour: Leather armour    |    39 |    16 |       |       |       |       ||    55
         Ring mail         |       |   104 |   131 |   130 |       |       ||   365
         Troll leather arm |       |       |       |   159 |   600 |   561 ||  1320
  Dodge: Dodged            |    58 |   112 |    91 |   435 |   955 |   758 ||  2409

Table legend: (Time is in decaauts)
 A = Elapsed time spent in this place.
 B = Non-inter-level travel time spent in this place.
 C = Inter-level travel time spent in this place.
 D = Time resting spent in this place.
 E = Time spent auto-exploring this place.
 F = Levels seen in this place.
 G = Mean time per level.
                   A        B        C        D        E       F      G
               +--------+--------+--------+--------+--------+-----+--------+
         Total |  43350 |  39026 |   4324 |  10268 |  12802 |  29 | 1494.8 |
       Dungeon |  22684 |  19670 |   3014 |   4276 |   7613 |  15 | 1512.3 |
        Temple |     20 |      1 |     19 |      0 |      0 |   1 |   20.0 |
          Lair |   9256 |   8609 |    647 |   2107 |   3262 |   5 | 1851.2 |
        Shoals |   8799 |   8274 |    525 |   3225 |   1356 |   4 | 2199.8 |
    Slime Pits |     12 |     12 |      0 |      0 |      0 |   1 |   12.0 |
  Orcish Mines |   2483 |   2365 |    118 |    646 |    570 |   2 | 1241.5 |
        Vaults |     92 |     92 |      0 |     12 |      0 |   1 |   92.0 |
               +--------+--------+--------+--------+--------+-----+--------+

Top non-repeatable levels by time:
Shoals:1: 3344 daAuts
  Lair:5: 2553 daAuts
  Lair:2: 2509 daAuts
    D:10: 2165 daAuts
     D:9: 2101 daAuts
    D:13: 2053 daAuts
Shoals:4: 2044 daAuts
   Orc:2: 1994 daAuts
Shoals:3: 1983 daAuts
     D:8: 1968 daAuts
    D:12: 1876 daAuts
  Lair:4: 1617 daAuts
     D:7: 1562 daAuts
     D:6: 1530 daAuts
     D:5: 1512 daAuts
